 Dungeon Crawl Stone Soup version 0.30-b1-2-g02819fbbbe (webtiles) character file.

Game seed: 97449517043193047

199518 manyhoops the Nimble (level 17, -2/150 HPs)
             Began as a Demigod Earth Elementalist on Nov 20, 2023.
             Slain by a +0 halberd of venom (20 damage)
             ... on level 2 of the Elven Halls on Nov 21, 2023.
             The game lasted 01:38:06 (43667 turns).

manyhoops the Nimble (Demigod Earth Elementalist)  Turns: 43667, Time: 01:38:06

Health: -2/150     AC: 13    Str:  9    XL:     17   Next: 25%
Magic:  44/48      EV: 22    Int: 37    God:
Gold:   1397       SH:  5    Dex: 21    Spells: 23/42 levels left

rFire   . . .        U - staff of earth
rCold   + + +        N - orb {*channel}
rNeg    . . .        X - +4 skin of Zhor {*Englaciate rC+++ SInv}
rPois   .            A - +0 mask of the Dragon {Will+ Slay+3 SInv}
rElec   .            w - +2 cloak {rCorr}
rCorr   +            p - +0 pair of gloves
SInv    +            a - +2 pair of boots {Fly}
Will    +++..        e - amulet of reflection
Stlth   +++++        J - ring "Wicwoz" {rCorr MP+9 Dex+7 Stlth-}
HPRegen 0.45/turn    P - ring of willpower
MPRegen 0.31/turn

%: reflection, channel magic (20%)
@: flying, studying Evocations
A: high MP 1, forlorn, divine attributes, antennae 1, mutation resistance 1
}: 1/15 runes: serpentine
a: no special abilities


You were on level 2 of the Elven Halls.
You visited 6 branches of the dungeon, and saw 29 of its levels.
You also visited: Trove, Sewer and Ice Cave.

You collected 2758 gold pieces.
You spent 1361 gold pieces at shops.

Inventory:

Hand Weapons
 I - a +9 hand axe of venom
Missiles
 R - a throwing net
Armour
 a - a +2 pair of boots of flying (worn)
 p - a +0 pair of gloves (worn)
 r - the +1 helmet of Kindness {Regen+}
   (You acquired it on level 5 of the Dungeon)

   Regen:     It increases your rate of health regeneration.
 w - a +2 cloak of preservation (worn)
 A - the +0 mask of the Dragon (worn) {Will+ Slay+3 SInv}
   (You found it on level 1 of the Elven Halls)

   Slay:      It affects your accuracy & damage with ranged weapons and melee
   (+3).
   SInv:      It lets you see invisible.
   Will:      It increases your willpower.
 N - an orb of energy (worn)
 X - the +4 skin of Zhor (worn) {*Englaciate rC+++ SInv}
   (You found it in an ice cave)

   *Englaciate: It radiates cold, occasionally slowing all nearby creatures who
   are not resistant to cold.
   rC:        It renders you almost immune to cold.
   SInv:      It lets you see invisible.
 Y - a +0 buckler
Magical Staves
 U - a staff of earth (weapon)
Jewellery
 e - an amulet of reflection (around neck)
 k - a +4 ring of protection
 n - a ring of fire
 v - a ring of poison resistance
 J - the ring "Wicwoz" (left hand) {rCorr MP+9 Dex+7 Stlth-}
   (You acquired it on level 13 of the Dungeon)

   [ring of magical power]

   Dex:       It affects your dexterity (+7).
   MP:        It affects your magic capacity (+9).
   rCorr:     It protects you from acid and corrosion.
   Stlth:     It makes you less stealthy.
 L - a ring of protection from fire
 M - an amulet of regeneration
 P - a ring of willpower (right hand)
Wands
 g - a wand of quicksilver (20)
 G - a wand of mindburst (4)
 K - a wand of charming (32)
 O - a wand of roots (16)
 S - a wand of flame (35)
 Z - a wand of digging (5)
Scrolls
 d - 7 scrolls of immolation
 f - 5 scrolls of noise
 h - 3 scrolls of amnesia
 l - 2 scrolls of poison
 o - 7 scrolls of teleportation
 q - a scroll of silence
 y - 2 scrolls of fear
 E - 2 scrolls of magic mapping
 T - 7 scrolls of identify
 V - a scroll of blinking
 W - a scroll of fog
Potions
 b - 2 potions of magic
 c - 3 potions of lignification
 i - 6 potions of attraction
 j - 7 potions of might
 m - a potion of heal wounds
 s - 4 potions of flight
 t - 6 potions of haste
 x - 8 potions of brilliance
 z - a potion of resistance
 C - 6 potions of curing
 D - 2 potions of invisibility
 F - a potion of cancellation
 H - a potion of mutation
 Q - a potion of ambrosia
Miscellaneous
 B - a box of beasts (inert)


   Skills:
 - Level 13.4 Fighting
 - Level 13.6 Dodging
 - Level 13.2 Stealth
 - Level 4.3 Shields
 - Level 13.2 Spellcasting
 - Level 3.2 Conjurations
 - Level 5.5 Necromancy
 - Level 0.8 Transmutations
 - Level 11.4 Earth Magic
 + Level 11.4 Evocations


You had 23 spell levels left.
You knew the following spells:

 Your Spells              Type           Power      Damage    Failure   Level
a - Sandblast             Erth           100%       2d20      1%          1
b - Passwall              Tmut/Erth      67%        N/A       2%          2
c - Stone Arrow           Conj/Erth      100%       3d13      2%          3
d - Swiftness             Air            24%        N/A       14%         3
e - Borgnjor's Vile Clut  Necr/Erth      46%        N/A       6%          5
f - Blink                 Tloc           48%        N/A       9%          2
g - Hailstorm             Conj/Ice       36%        3d9       9%          3

Your spell library contained the following spells:

 Spells                   Type           Power      Damage    Failure   Level
 Kiss of Death            Conj/Necr      100%       2d13      2%          1
 Shock                    Conj/Air       100%       1d9       4%          1
 Petrify                  Tmut/Erth      81%        N/A       6%          4
 Apportation              Tloc           48%        N/A       7%          1
 Summon Small Mammal      Summ           96%        N/A       7%          1
 Animate Dead             Necr           60%        N/A       7%          4
 Dispel Undead            Necr           60%        3d21      7%          4
 Leda's Liquefaction      Hex/Erth       39%        N/A       7%          4
 Ensorcelled Hibernation  Hex/Ice        48%        N/A       9%          2
 Call Canine Familiar     Summ           24%        N/A       14%         3
 Confusing Touch          Hex            24%        N/A       14%         3
 Portal Projectile        Hex/Tloc       48%        N/A       14%         3
 Summon Guardian Golem    Hex/Summ       24%        N/A       14%         3
 Vhi's Electric Charge    Tloc/Air       48%        N/A       14%         3
 Ice Form                 Ice/Tmut       27%        N/A       30%         4
 Airstrike                Air            12%        2d(2-18)  34%         4
 Manifold Assault         Tloc           24%        N/A       34%         4
 Summon Lightning Spire   Summ/Air       24%        N/A       34%         4
 Death Channel            Necr           30%        N/A       45%         6
 Alistair's Intoxication  Tmut/Pois      18%        N/A       58%         5
 Simulacrum               Ice/Necr       22%        N/A       78%         6
 Conjure Ball Lightning   Conj/Air       18%        3x3d6     90%         6
 Storm Form               Tmut/Air       13%        N/A       100%        7
 Maxwell's Capacitive Co  Air            12%        ∞         100%        8
 Chain Lightning          Conj/Air       18%        3d24      100%        9


Dungeon Overview and Level Annotations

Branches:
Dungeon (15/15)            Temple (0/1) D:7            Lair (5/5) D:11
 Shoals (0/4) Lair:2        Snake (4/4) Lair:3        Slime (1/5) Lair:4
    Orc (2/2) D:9             Elf (2/3) Orc:2        Vaults (0/5) D:13
 Depths (0/4) D:15          Sewer (visited)           IceCv (visited)

Shops:
D:2 !   D:6 [   D:9 [   Orc:2 =([*

Annotations:
Snake:2 3 runed translucent doors, exclusion: obsidian statue, Xitaol's ghost, adept SpEn


Innate Abilities, Weirdness & Mutations

You have an increased reservoir of magic. (+10% MP)
You shall have no god before yourself.
Your divine heritage dramatically boosts your attributes as you level up.
You have a pair of small antennae on your head.
You are somewhat resistant to further mutation.


Message History

You see here a +0 dire flail of holy wrath.
You see here a +2 hand axe of freezing.
Items here: )) [ †.
You see here a +0 long sword.
There is an open door here.
There is a stone staircase leading down here.
Search for what [Enter for "buck", or ? for help]? arti
There is a stone staircase leading down here.
Okay, then.
Okay, then.
There is a stone staircase leading down here.
There is a stone staircase leading down here.
You fly downwards.
The +2 heavy broad axe hits you!!
You block the +1 heavy war axe's attack.
You block the +0 halberd of venom's attack.
The air elemental fires a burst of electricity at you.
The stunning burst hits you!
You suddenly lose the ability to move!
The stunning burst hits the +1 heavy war axe.
The +1 heavy war axe completely resists.
The deep elf zephyrmancer gestures wildly while chanting.
The deep elf zephyrmancer blinks!
The deep elf archer unwields a +0 short sword.
The deep elf archer wields a +2 antimagic shortbow.
The deep elf archer shoots an arrow.
The arrow hits you!
You feel your power leaking away.
The deep elf archer shoots an arrow.
The arrow hits you!!
The +0 halberd of venom hits you from afar!!
You are poisoned.
The deep elf knight shoots an arrow.
The arrow hits you! The +1 heavy war axe hits you.
The +2 heavy broad axe hits you!!!
* * * LOW HITPOINT WARNING * * *
You can move again.
There is a stone staircase leading up, spattered with blood here.
Unknown command.
Unknown command.
Okay, then.
You feel better.
The air elemental completely misses you.
The +0 halberd of venom hits you from afar!!
You die...

.###......e...#
##.....e........#
#+...............#
#.......8........#
#....8.§..e8.....#
#.....>≈>...e...#
##....>≈≈≈<......#
#...8.≈≈8≈§.8....#
#...(@E≈≈e....E..
#....(>≈F........
#...8(.Eee8e.....
#......8e.....$..
##......e........
##..............
######.###. .#


You could see 3 deep elf archers, 2 deep elf knights, an earth elemental, 2 deep
elf pyromancers, 2 deep elf zephyrmancers, a cane toad, an air elemental and 3
dancing weapons.

Vanquished Creatures
  Frances (D:13)
  3 nagarajas (Snake:4)
  A very ugly thing (IceCv)
  Azrael (Snake:2)
  A dire elephant (D:15)
  3 ettins (Orc:2)
  A fire dragon (Lair:5)
  A caustic shrike simulacrum (IceCv)
  7 hydras
  An ice dragon (Snake:1)
  A vault guard (D:13)
  A death knight (D:15)
  6 salamander tyrants
  9 centaur warriors
  An ogre mage (D:15)
  10 two-headed ogres
  Erica (Lair:1)
  11 anacondas
  8 boulder beetles
  6 dancing weapons (Elf:1)
  The ghost of Hedron the Cleaver, a novice HOFi of Okawaru (D:9)
  6 death yaks
  A tengu warrior (D:15)
  12 naga warriors
  17 naga sharpshooters
  6 shock serpents
  8 salamander mystics
  2 deep elf knights
  A sixfirhy (D:10)
  A skyshark (Lair:5)
  A soul eater (D:10)
  9 naga ritualists
  2 deep elf archers (Elf:1)
  3 orc knights (Orc:2)
  7 deep elf zephyrmancers (Elf:1)
  2 phantasmal warriors (D:15)
  A lindwurm (Lair:5)
  A necromancer (D:13)
  14 deep elf pyromancers
  A faun (shapeshifter) (D:15)
  15 mana vipers
  A wizard (D:13)
  A wolf spider (D:15)
  9 ugly things (D:14)
  2 oklob plants
  25 salamanders
  2 manticores (D:15)
  2 orc sorcerers (Orc:2)
  12 cyclopes
  19 elephants
  A merfolk siren (Lair:2)
  2 demonic crawlers (Elf:1)
  A smoke demon (D:10)
  22 naga magi
  31 black mambas
  4 guardian serpents
  A torpor snail (Lair:5)
  13 cane toads
  3 gargoyles
  A rust devil (D:10)
  2 molten gargoyles (Lair:5)
  11 komodo dragons
  2 orange demons (D:10)
  A rime drake (shapeshifter) (D:15)
  2 freezing wraiths
  2 kobold demonologists
  2 efreet (D:15)
  4 rime drakes
  A tengu conjurer (D:13)
  2 yaktaurs (D:13)
  3 merfolk (Lair:2)
  An anaconda simulacrum (IceCv)
  2 trolls
  A wolf spider simulacrum (D:15)
  A blink frog (shapeshifter) (Elf:1)
  3 meliai (D:15)
  7 blink frogs
  A polar bear (Lair:3)
  A slime creature (D:13)
  A shadow (D:12)
  An air elemental (Elf:1)
  3 wraiths
  10 wyverns
  A vampire (D:12)
  32 yaks
  18 humans (D:13)
  A fire elemental (Snake:2)
  3 basilisks
  A basilisk (shapeshifter) (D:14)
  3 steam dragons
  9 vampire mosquitoes
  5 wargs
  A harpy simulacrum (IceCv)
  59 nagas
  12 water moccasins
  A hydra simulacrum (IceCv)
  22 orc warriors
  6 hell hounds
  3 ice beasts
  2 alligator simulacra (IceCv)
  Pargi (Sewer)
  11 ogres
  6 wolves
  15 centaurs
  2 phantoms (D:6)
  14 kobold brigands
  A gnoll sergeant (Orc:1)
  13 bullfrogs
  4 scorpions
  3 wights
  2 lindwurm simulacra (IceCv)
  13 killer bees
  6 howler monkeys
  6 lava snakes
  3 quasits (D:10)
  A gnoll bouda (D:6)
  3 hounds
  16 jellies
  11 orc priests
  3 iguanas
  A sleepcap (D:5)
  15 orc wizards
  12 gnolls
  10 adders
  3 white imps (D:6)
  2 ufetubi
  5 dart slugs
  70 orcs
  12 endoplasms
  4 giant cockroaches
  11 goblins
  4 hobgoblins
  7 jackals
  22 kobolds
  4 quokkas
  10 ball pythons
  6 bats
  8 frilled lizards
  10 rats
930 creatures vanquished.

Vanquished Creatures (collateral kills)
  A stone giant (Orc:2)
  A cyclops (Orc:2)
  A demonic crawler (Elf:1)
3 creatures vanquished.

Vanquished Creatures (others)
  An ugly thing (D:14)
  2 orcs (Orc:2)
  2 demonic plants (D:10)
  28 fungi
  25 plants
58 creatures vanquished.

Grand Total: 991 creatures vanquished

Notes
Turn   | Place    | Note
-------+----------+-------------------------------------------
     0 | D:1      | manyhoops the Demigod Earth Elementalist began the quest
                  | for the Orb.
     0 | D:1      | Reached XP level 1. HP: 14/14 MP: 5/5
   217 | D:1      | Reached XP level 2. HP: 20/20 MP: 4/7
   457 | D:1      | Learned a level 2 spell: Passwall
   877 | D:1      | Reached XP level 3. HP: 25/26 MP: 6/9
  1389 | D:2      | Found Narraare's Distillery.
  2110 | D:3      | Reached XP level 4. HP: 33/33 MP: 8/11
  2794 | D:4      | Reached XP level 5. HP: 38/38 MP: 9/13
  2951 | D:4      | Reached skill level 1 in Fighting
  3204 | D:4      | Found a glowing drain.
  3212 | Sewer    | Entered a sewer
  3275 | Sewer    | Learned a level 3 spell: Stone Arrow
  3295 | Sewer    | Learned a level 3 spell: Swiftness
  3336 | Sewer    | Noticed Pargi
  3341 | Sewer    | Killed Pargi
  3342 | Sewer    | Reached XP level 6. HP: 47/47 MP: 9/14
  4247 | D:5      | Entered Level 5 of the Dungeon
  4253 | D:4      | Reached XP level 7. HP: 29/52 MP: 12/15
  5036 | D:5      | Reached skill level 5 in Fighting
  5060 | D:5      | Reached XP level 8. HP: 60/69 MP: 12/16
  5347 | D:5      | Identified a scroll of acquirement
  5350 | D:5      | Acquired the +1 helmet of Kindness {Regen+}
  5670 | D:6      | Found Liduh's Armour Emporium.
  5673 | D:6      | Bought a +1 pair of boots of flying for 198 gold pieces
  5699 | D:6      | Reached skill level 5 in Earth Magic
  5885 | D:6      | Learned a level 5 spell: Borgnjor's Vile Clutch
  5913 | D:6      | Identified the +1 chain mail of the Poles {rF+ Str+3 Int+3}
  6873 | D:7      | Found a staircase to the Ecumenical Temple.
  7127 | D:7      | Reached XP level 9. HP: 71/74 MP: 8/19
  7341 | D:7      | Reached skill level 1 in Necromancy
  8348 | D:8      | You are sucked into a shaft and drop 1 floor!
  8368 | D:9      | Noticed a deep elf pyromancer
  8374 | D:9      | Killed a deep elf pyromancer
  8779 | D:9      | Found Vuuzimuo's Armour Shoppe.
  8901 | D:9      | Reached skill level 5 in Spellcasting
  8991 | D:9      | Found a runed translucent gate.
  8991 | D:9      | Found a runed translucent gate.
  8991 | D:9      | Found a runed translucent gate.
  9007 | D:9      | Reached XP level 10. HP: 83/83 MP: 13/21
  9088 | D:9      | Found a staircase to the Orcish Mines.
  9100 | D:9      | Noticed Hedron's ghost (novice HOFi)
  9108 | D:9      | Identified the +7 plate armour of Qestit {-Cast rN+ SInv}
  9373 | Orc:1    | Entered Level 1 of the Orcish Mines
  9404 | D:10     | Entered Level 10 of the Dungeon
  9431 | D:10     | Reached skill level 10 in Earth Magic
  9698 | D:10     | Noticed a smoke demon
  9704 | D:10     | Killed a smoke demon
  9848 | D:10     | Noticed a soul eater
 10076 | D:10     | Noticed a rust devil
 10107 | D:10     | Reached XP level 11. HP: 89/89 MP: 13/26
 10273 | D:10     | Reached skill level 5 in Dodging
 10346 | D:10     | Reached skill level 5 in Stealth
 10617 | D:10     | Noticed a sixfirhy
 10626 | D:10     | Killed a sixfirhy
 10722 | D:10     | Killed a soul eater
 10934 | D:11     | Found a staircase to the Lair.
 10999 | D:11     | Identified the +4 hand axe "Niatann" {holy, *Noise Str+8
                  | Int-3 Dex+4}
 11229 | D:11     | Noticed a two-headed ogre
 11234 | D:11     | Killed a two-headed ogre
 11658 | D:11     | Noticed a two-headed ogre
 11662 | D:11     | Killed a two-headed ogre
 11864 | D:11     | Noticed a centaur warrior
 11869 | D:11     | Killed a centaur warrior
 12056 | Lair:1   | Entered Level 1 of the Lair of Beasts
 12466 | Lair:1   | Noticed Erica
 12500 | Lair:1   | Reached XP level 12. HP: 99/100 MP: 23/27
 12508 | Lair:1   | Killed Erica
 13936 | Lair:2   | Reached skill level 10 in Dodging
 14237 | Lair:2   | Found a staircase to the Shoals.
 14763 | Lair:3   | Noticed an eight-headed hydra
 14770 | Lair:3   | Killed an eight-headed hydra
 15944 | Lair:3   | Found a staircase to the Snake Pit.
 16236 | Lair:4   | Reached XP level 13. HP: 108/108 MP: 24/28
 16293 | Lair:4   | Reached skill level 10 in Stealth
 16948 | D:6      | Bought a +2 robe of willpower for 212 gold pieces
 17868 | D:9      | Killed Hedron's ghost
 17905 | D:9      | Identified the +7 plate armour of Huv Xino {Int+3 Dex+4}
 18115 | Lair:4   | Reached skill level 5 in Necromancy
 18271 | Lair:4   | Found a staircase to the Slime Pits.
 18994 | Slime:1  | Entered Level 1 of the Pits of Slime
 18994 | Slime:1  | Noticed an acid blob
 19018 | Lair:5   | Entered Level 5 of the Lair of Beasts
 19360 | Lair:5   | Learned a level 2 spell: Blink
 19487 | Lair:5   | Found a large runed translucent door.
 19862 | Lair:5   | Reached skill level 10 in Spellcasting
 20154 | Lair:5   | Found a large runed translucent door.
 20875 | Orc:1    | Learned a level 3 spell: Hailstorm
 21573 | Orc:2    | Entered Level 2 of the Orcish Mines
 21587 | Orc:2    | Found Soyciku's Jewellery Emporium.
 21674 | Orc:2    | Reached XP level 14. HP: 116/116 MP: 27/33
 22119 | Orc:2    | Found Tyomun's General Store.
 22259 | Orc:2    | Found Wiupliho's Antique Weapon Emporium.
 22472 | Orc:2    | Found Irituo Unytt's Antique Armour Shop.
 22483 | Orc:2    | Bought a runed cloak for 202 gold pieces
 22505 | Orc:2    | Found a staircase to the Elven Halls.
 23457 | Orc:2    | Bought an amulet of reflection for 450 gold pieces
 24576 | D:13     | Noticed Frances
 24933 | D:13     | Gained mutation: You are robust. (+10% HP) [potion of
                  | mutation]
 24933 | D:13     | Gained mutation: You are clumsy. (Dex -2) [potion of
                  | mutation]
 25117 | D:13     | Acquired the ring "Wicwoz" {rCorr MP+9 Dex+7 Stlth-}
 25175 | D:13     | Identified the +8 quarterstaff of Gloom {freeze, Drain
                  | rPois Str-3 Int+7}
 25630 | D:13     | Found a gate to the Vaults.
 26012 | D:13     | Killed Frances
 26470 | D:14     | Lost mutation: You are clumsy. (Dex -2) [potion of
                  | mutation]
 26470 | D:14     | Lost mutation: You are robust. (+10% HP) [potion of
                  | mutation]
 26470 | D:14     | Gained mutation: You are agile. (Dex +4, Str/Int -1)
                  | [potion of mutation]
 26470 | D:14     | Gained mutation: You have a pair of small horns on your
                  | head. [potion of mutation]
 26470 | D:14     | Gained mutation: You passively map a small area around you.
                  | [potion of mutation]
 26471 | D:14     | Lost mutation: You passively map a small area around you.
                  | [potion of mutation]
 26471 | D:14     | Lost mutation: You have a pair of small horns on your head.
                  | [potion of mutation]
 26471 | D:14     | Gained mutation: You have a pair of small antennae on your
                  | head. [potion of mutation]
 26471 | D:14     | Gained mutation: Your body sometimes deteriorates upon
                  | taking damage. [potion of mutation]
 26471 | D:14     | Gained mutation: Armour fits poorly on your strangely
                  | shaped body. [potion of mutation]
 26472 | D:14     | Lost mutation: Your body sometimes deteriorates upon taking
                  | damage. [potion of mutation]
 26472 | D:14     | Lost mutation: You are agile. (Dex +4, Str/Int -1) [potion
                  | of mutation]
 26472 | D:14     | Lost mutation: Armour fits poorly on your strangely shaped
                  | body. [potion of mutation]
 26472 | D:14     | Gained mutation: You are somewhat resistant to further
                  | mutation. [potion of mutation]
 27464 | D:2      | Bought a potion of heal wounds for 65 gold pieces
 27464 | D:2      | Bought a potion of mutation for 104 gold pieces
 27464 | D:2      | Bought a potion of haste for 130 gold pieces
 27717 | D:15     | Entered Level 15 of the Dungeon
 27743 | D:15     | Reached skill level 1 in Evocations
 27743 | D:15     | Reached XP level 15. HP: 118/126 MP: 30/35
 29322 | D:15     | Found a staircase to the Depths.
 29376 | D:15     | Found a portal to a secret trove of treasure.
 29764 | Snake:1  | Entered Level 1 of the Snake Pit
 29843 | Snake:1  | Found a frozen archway.
 29860 | IceCv    | Entered an ice cave
 29865 | IceCv    | Found a transporter.
 29865 | IceCv    | Found the +4 skin of Zhor {*Englaciate rC+++ SInv}
 30072 | IceCv    | Found a transporter.
 30494 | D:15     | You paid a toll of 5 scrolls of fog to enter a treasure
                  | trove
 30495 | Trove    | Entered a treasure trove
 30523 | Trove    | Identified the staff of death "Afayn" {rN+ Will- Int+3
                  | Dex+3}
 30920 | Snake:1  | Reached skill level 10 in Fighting
 32004 | Snake:2  | Found a runed translucent gate.
 32006 | Snake:2  | Found a runed translucent gate.
 32007 | Snake:2  | Found a runed translucent gate.
 32010 | Snake:2  | Noticed Xitaol's ghost (adept SpEn)
 32559 | Snake:2  | Noticed Azrael
 32569 | Snake:2  | Killed Azrael
 33190 | Snake:2  | Reached skill level 5 in Evocations
 33273 | Snake:2  | Identified the +6 chain mail "Nirpheg" {Will+ Stlth+}
 34677 | Snake:2  | Reached XP level 16. HP: 52/134 MP: 2/36
 34979 | Snake:3  | Reached skill level 10 in Evocations
 36639 | Snake:3  | Identified the +8 spear of Jiffomih {antimagic, *Rage rC+
                  | Will+}
 37124 | Snake:4  | Entered Level 4 of the Snake Pit
 40987 | Snake:4  | Reached XP level 17. HP: 150/150 MP: 34/39
 41085 | Snake:4  | Got the Verses on Conduction
 41122 | Snake:4  | Got a serpentine rune of Zot
 41464 | Elf:1    | Entered Level 1 of the Elven Halls
 42133 | Elf:1    | Reached skill level 1 in Shields
 42907 | Elf:1    | Found the +0 mask of the Dragon {Will+ Slay+3 SInv}
 43161 | Elf:1    | Paralysed by an air elemental for 1 turns
 43547 | Elf:1    | Paralysed by an air elemental for 1 turns
 43666 | Elf:2    | Paralysed by an air elemental for 1 turns
 43667 | Elf:2    | Slain by a +0 halberd of venom

Illustrated notes

Levels and vault maps discovered:
D:1:      eino_arrival_water_star, layout_basic, serial_forest,
          infiniplex_forest_clump_medium, infiniplex_forest_end_double,
          infiniplex_forest_corner_1, infiniplex_forest_lined_3,
          infiniplex_forest_fountain, infiniplex_forest_lined_3_way,
          infiniplex_forest_clump_C, infiniplex_forest_lined_2
D:2:      layout_loops_cross, basic_altar, serial_shops, shop
D:3:      layout_basic, serial_curves, eino_curves_02, eino_curves_02,
          nicolae_hexahallways
D:4:      layout_loops_ring, gup_sewer_entry_bubbles
D:5:      layout_loops_ring, kennysheep_minor_cross
D:6:      layout_layer_cave, serial_shops, shop, kennysheep_big_empty_room
D:7:      layout_cave_pools, mainiacjoe_overflow_alcove_2, lemuel_round_altar,
          minmay_temple_entry_water_ring, nicolae_zen_rock_garden,
          kennysheep_generic_room_5
D:8:      layout_layer_cave, old_standard_altar, serial_bayou_crossing
D:9:      layout_basic, orc_0_dummy, biasface_ghost_orc_armoury, serial_shops,
          nicolae_shop_scrapyard, dk_noncrumbling_2
D:10:     layout_loops_ring, nicolae_uskayaw_suspiria,
          nemelex_spade_bored_becter, special_room [special_room_kobold],
          serial_demonic, serial_demonic_d, serial_demonic_a, serial_demonic_d,
          serial_demonic_f, serial_demonic_b
D:11:     nicolae_hitomezashi [nicolae_hito_row, nicolae_hito_row,
          nicolae_hito_row, nicolae_hito_row, nicolae_hito_row,
          nicolae_hito_row, nicolae_hito_row, nicolae_hito_row,
          nicolae_hito_row, nicolae_hito_row, nicolae_hito_row,
          nicolae_hito_row, nicolae_hito_row, nicolae_hito_row,
          nicolae_hito_row, nicolae_hito_row, nicolae_hito_row,
          nicolae_hito_row], layout_irregular_city, erik_lair_orcish_takeover
D:12:     layout_roguey, chequers_serial_rivers_small_b, lemuel_flamethrower_3
D:13:     layout_irregular_city, grunt_vaults_entry_tiered,
          chequers_serial_rivers_micro_d, minmay_circle_x, uniq_frances
D:14:     layout_basic
D:15:     hangedman_depths_entry_try_elsewhere_first, layout_gridville,
          nicolae_concentric_dashed_squares_mild,
          nicolae_trove_entry_free_sample, chequers_serial_rivers_micro_c,
          minmay_joined_circles
Lair:1:   layout_cave_shapes, uniq_erica
Lair:2:   layout_roguey, elwin_shoals_entry_stream
Lair:3:   layout_concentric_octagons, nicolae_snake_entry_squirm,
          lemuel_oklob_altar
Lair:4:   layout_loops_ring, minmay_slime_entry_jelly_boxes
Lair:5:   cheibrodos_lair_end_hotspot, layout_cave_shapes
Snake:1:  layout_honeycomb, portal_ice_cave_entry_dragon
Snake:2:  layout_grid_maze, ebering_ghost_gozag,
          nicolae_snake_round_shape_thing, grunt_megastairs_2, uniq_azrael
Snake:3:  layout_misc_corridors
Snake:4:  snake_pit, layout_misc_corridors
Slime:1:  layout_caves
Orc:1:    layout_caves, rock_pile
Orc:2:    grunt_orc_gardens, layout_caves, grunt_orc_garden, grunt_orc_garden,
          grunt_orc_garden, grunt_orc_garden
Elf:1:    nicolae_elf_arrival_fired_up, layout_geoelf_grid,
          minmay_elf_crystal_hexagon, einodemon_crawler_minivault
Elf:2:    nicolae_elf_blades_crystal_corner, layout_gridlike, drop_trap,
          evilmike_ambush [evilmike_ambush_outer_basic,
          evilmike_ambush_inner_pond]

Skill      XL: |  1  2  3  4  5  6  7  8  9 10 11 12 13 14 15 16 17 |
---------------+----------------------------------------------------+-----
Earth Magic    | 3 4 6 9 10 11 | 11.4
Spellcasting   | 2 3 4 5 7 10 11 12 13 | 13.2
Fighting       | 1 5 6 7 8 9 10 13 | 13.4
Dodging        | 3 4 8 10 12 13 | 13.6
Stealth        | 2 3 4 6 9 10 12 13 | 13.2
Necromancy     | 3 4 5 |  5.5
Conjurations   | 3 |  3.2
Evocations     | 1 9 10 11 | 11.4
Shields        | 4 |  4.3
Transmutations | |  0.8

Action                     |  1- 3 |  4- 6 |  7- 9 | 10-12 | 13-15 | 16-18 || total
---------------------------+-------+-------+-------+-------+-------+-------++-------
  Melee: Unarmed           |    18 |    16 |       |       |       |       ||    34
         Flail             |       |     1 |     8 |       |       |       ||     9
         Hand axe          |       |       |    46 |    76 |     6 |       ||   128
         Punch             |       |       |       |     1 |       |       ||     1
         Staff             |       |       |       |       |    40 |     2 ||    42
   Cast: Sandblast         |    68 |   114 |   170 |   283 |   224 |    24 ||   883
         Stone Arrow       |       |       |    19 |    70 |   519 |   373 ||   981
         Borgnjor's Vile C |       |       |     2 |    44 |   180 |   132 ||   358
         Hailstorm         |       |       |       |       |     3 |     1 ||     4
  Evoke: Wand              |       |       |       |       |     1 |       ||     1
         Box of beasts     |       |       |       |       |       |     1 ||     1
    Use: Scroll            |     2 |     6 |    12 |     9 |    17 |     6 ||    52
         Potion            |     3 |     3 |     4 |     2 |    14 |     6 ||    32
   Stab: Sleeping          |       |     1 |     2 |       |       |       ||     3
 Armour: Robe              |     7 |    30 |    24 |       |   155 |       ||   216
         Skin              |       |    14 |       |       |       |       ||    14
         Steam dragon scal |       |       |    78 |   208 |    28 |       ||   314
         Animal skin       |       |       |       |       |    19 |    46 ||    65
  Dodge: Dodged            |    21 |    65 |   157 |   278 |   443 |   193 ||  1157
  Block: Orb               |       |       |       |       |    67 |    41 ||   108
         Reflection        |       |       |       |       |     9 |    16 ||    25
         Buckler           |       |       |       |       |       |     6 ||     6
